Map: Ulrena

Players

Gian

  • Race: Terran Terran
  • League: Bronze
  • Spawn Location: 7:00

zidar - Winner!

  • Race: Zerg Zerg
  • League: Gold
  • Spawn Location: 11:00

VOD

Have the link to the VOD?

Description

Time

  • Played on: May 20, 2016, 9:31 a.m.
  • Length: 16:02
Show
View Real Time Build Order
Export as new Build Order

Gian Terran 

Build Orders:  

Get SALT Encoding   

  12  0:01  SCV  
  13  0:13  SCV  
  14  0:18  Supply Depot  
  14  0:25  SCV  
  15  0:40  SCV  
  16  0:42  Barracks  
  16  0:52  Refinery, SCV  
  17  1:04  Engineering Bay  
  17  1:06  SCV  
  18  1:18  SCV  
  19  1:30  SCV  
  20  1:38  Marine  
  21  1:42  SCV  
  21  1:46  Refinery  
  22  1:51  Supply Depot  
  22  1:55  Orbital Command  
  22  1:57  Marine  
  23  2:06  Factory  
  23  2:15  Marine  
  24  2:40  Marine  
  25  2:47  Command Center, SCV  
  26  3:00  SCV  
  26  3:01  Marine  
  26  3:02  Bunker  
  26  3:03  Factory Tech Lab  
  28  3:12  SCV  
  29  3:14  Missile Turret  
  29  3:19  Marine  
  30  3:28  Barracks  
  30  3:37  Marine  
  30  3:40  Refinery  
  31  3:58  SCV, Siege Tank  
  35  4:10  Starport  
  27  4:37  Bunker  
  25  4:57  Siege Tank  
  28  5:07  Marine x2  
  30  5:16  SCV  
  31  5:25  Marine x2, Starport Reactor  
  33  5:28  SCV  
  34  5:41  Planetary Fortress  
  34  5:55  Bunker  
  34  6:10  Marine x2  
  36  6:17  Supply Depot  
  36  6:21  Supply Depot  
  36  6:24  Supply Depot  
  36  6:27  Terran Infantry Armor Level 1  
  36  6:28  Marine  
  36  6:32  Barracks Reactor  
  37  6:35  Siege Tank  
  37  6:39  SCV  
  41  6:46  Marine  
  42  6:48  Refinery, Viking x2  
  42  6:51  SCV  
  47  7:03  SCV  
  47  7:08  Barracks  
  48  7:15  SCV  
  48  7:18  Viking x2  
  53  7:27  SCV  
  54  7:34  Sensor Tower  
  54  7:37  SCV  
  54  7:40  SCV  
  56  7:48  Viking x2  
  56  7:50  SCV  
  63  7:52  SCV  
  63  7:57  Widow Mine  
  64  8:04  SCV, Supply Depot  
  65  8:06  Supply Depot  
  65  8:12  Supply Depot  
  65  8:16  SCV  
  65  8:18  Viking x2  
  70  8:21  Terran Infantry Weapons Level 1  
  70  8:33  Barracks Tech Lab  
  70  8:57  Armory  
  70  9:14  Starport  
  70  9:15  Viking x2  
  74  9:26  Marauder  
  76  9:40  Command Center  
  76  9:48  Marauder  
  76  9:51  Thor, Starport  
  84  9:56  Marine x3  
  87  10:03  Supply Depot  
  87  10:07  Supply Depot  
  87  10:09  Marauder  
  89  10:16  Starport Tech Lab  
  89  10:17  Liberator  
  89  10:20  Medivac x2  
  96  10:44  Terran Vehicle And Ship Armor Level 1  
  96  10:57  SCV  
  97  11:07  Missile Turret  
  97  11:08  Planetary Fortress  
  97  11:09  SCV  
  98  11:21  SCV  
  98  11:23  Thor  
  105  11:27  Marine x2, Marauder  
  109  11:33  SCV  
  110  11:45  SCV  
  111  11:55  Marine x3, Marauder  
  111  11:59  SCV  
  117  12:11  SCV  
  118  12:16  Marauder, Refinery  
  118  12:19  Refinery  
  120  12:24  Supply Depot  
  120  12:27  Supply Depot  
  120  12:39  Missile Turret  
  120  12:50  SCV  
  121  12:59  Missile Turret  
  121  13:02  SCV  
  122  13:05  Viking  
  122  13:06  Viking  
  122  13:07  Viking x2  
  122  13:12  Terran Vehicle And Ship Armor Level 2  
  130  13:14  SCV, Terran Infantry Armor Level 2  
  130  13:18  Missile Turret  
  131  13:23  Engineering Bay  
  131  13:26  SCV  
  134  13:41  Marauder  
  134  13:44  Concussive Shells  
  136  14:03  Marauder  
  136  14:06  Starport Tech Lab  
  136  14:13  Fusion Core  
  135  14:23  Supply Depot  
  123  14:47  Marine x2  
  123  14:48  Marine x2  
  84  15:05  Marine x3  
  84  15:06  Marine  
  74  15:17  Thor  
  78  15:23  Marine x4  
  71  15:41  Marine x3  
Show
View Real Time Build Order
Export as new Build Order

zidar Zerg - Winner!

Build Orders: Pool First 

Get SALT Encoding   

  12  0:01  Drone  
  13  0:12  Overlord  
  13  0:17  Drone  
  14  0:30  Drone x2  
  14  0:34  Drone  
  17  0:50  Spawning Pool, Drone  
  17  0:54  Extractor  
  17  0:55  Drone  
  17  1:12  Drone  
  18  1:23  Hatchery  
  17  1:31  Drone x2  
  19  1:39  Drone  
  20  1:49  Queen  
  20  1:53  Overlord  
  22  2:24  Queen  
  22  2:25  Overlord  
  24  2:33  Metabolic Boost  
  24  2:36  Zergling x6  
  27  2:46  Baneling Nest  
  27  2:49  Extractor  
  25  2:53  Drone x3  
  28  3:21  Zergling x12  
  34  3:32  Baneling  
  34  3:33  Baneling x2  
  34  3:39  Lair  
  34  3:59  Zergling x14  
  27  5:06  Roach Warren  
  26  5:08  Drone x2  
  26  5:09  Drone x6  
  34  5:17  Drone  
  35  5:22  Evolution Chamber x2  
  33  5:37  Drone x7  
  33  5:41  Extractor  
  39  5:43  Extractor  
  39  5:49  Zerg Ground Armor Level 1  
  38  5:51  Zerg Missile Weapons Level 1  
  38  5:56  Hydralisk Den  
  37  6:12  Drone x4  
  37  6:16  Drone x3  
  44  6:20  Overlord x2  
  44  6:34  Pneumatized Carapace  
  44  6:38  Hydralisk x3  
  50  7:01  Spire  
  50  7:03  Roach  
  50  7:04  Roach x4  
  59  7:24  Overlord  
  59  7:25  Overlord x3  
  59  7:45  Zerg Ground Armor Level 2  
  59  7:46  Zerg Missile Weapons Level 2  
  59  8:06  Infestation Pit  
  59  8:07  Hydralisk x6  
  70  8:20  Muscular Augments  
  70  8:32  Hatchery  
  69  8:42  Drone x6  
  75  8:52  Hive  
  75  8:56  Glial Reconstitution  
  75  9:06  Overlord  
  75  9:07  Overlord  
  75  9:23  Drone  
  75  9:24  Drone x8  
  84  9:33  Roach x3  
  84  9:35  Ravager  
  84  9:36  Ravager x3  
  94  9:44  Drone  
  94  9:45  Drone x3  
  98  9:52  Overlord x2  
  98  9:58  Roach x3  
  104  10:06  Zerg Ground Armor Level 3  
  104  10:13  Zerg Missile Weapons Level 3  
  104  10:16  Lurker Den  
  104  10:25  Viper x2  
  110  10:34  Queen  
  112  10:42  Extractor  
  111  10:43  Extractor  
  110  10:52  Greater Spire  
  110  11:08  Roach x6  
  122  11:13  Hatchery  
  121  11:23  Drone  
  122  11:26  Overlord x4  
  122  11:51  Corruptor x3  
  122  11:52  Corruptor x4  
  136  12:04  Ultralisk Cavern  
  135  12:14  Drone x6  
  135  12:15  Drone x2  
  143  12:19  Overlord x3  
  143  12:25  Brood Lord  
  143  12:26  Brood Lord x2  
  149  12:31  Brood Lord  
  151  12:40  Brood Lord  
  153  13:12  Zerg Melee Weapons Level 1  
  153  13:14  Chitinous Plating  
  153  13:18  Zerg Flyer Armor Level 1  
  153  13:54  Roach x7  
  153  13:55  Roach x8  
  86  15:41  Roach x11  
Tags
 
Matchup
TvZ
Opening
Pool First
Spawn Locations
Close Positions
Add a new tag
Caveats
  • Supply blocks, unpowered buildings, or Contaminate may cause inaccurate times.
  • Supply counts are checked every 10 seconds.